Map: New Repugnancy LE

Players

Cham - Winner!

  • Race: Zerg Zerg
  • Spawn Location: 1:00

hinO

  • Race: Zerg Zerg
  • Spawn Location: 7:00

Event: 2019 WCS Summer

VOD

Have the link to the VOD?

Description

Time

  • Played on: July 12, 2019, 1:09 p.m.
  • Length: 8:06

All games in this series

Show
View Real Time Build Order
Export as new Build Order

Cham Zerg - Winner!

Build Orders: Hatch First 

Get SALT Encoding   

  12  0:01  Drone  
  13  0:08  Drone  
  14  0:17  Overlord  
  14  0:35  Drone x2  
  16  0:49  Hatchery  
  15  0:52  Drone  
  15  0:56  Drone  
  17  1:00  Drone  
  18  1:10  Extractor  
  17  1:15  Spawning Pool  
  16  1:19  Drone  
  16  1:22  Drone  
  18  1:30  Drone  
  19  1:40  Drone  
  20  1:52  Overlord  
  20  2:01  Queen x2  
  20  2:05  Zergling x4  
  26  2:11  Spine Crawler  
  26  2:13  Zergling x2  
  24  2:27  Zergling x2  
  24  2:29  Zergling x2  
  26  2:35  Zergling x4  
  27  2:45  Baneling Nest  
  26  2:55  Queen  
  28  3:07  Zergling x4  
  28  3:09  Zergling x2  
  28  3:12  Zergling x2  
  26  3:21  Queen  
  24  3:41  Zergling x2  
  24  3:46  Zergling x4  
  26  3:48  Zergling x4  
  26  3:51  Queen  
  29  3:56  Zergling x2  
  29  3:59  Baneling x2  
  30  4:07  Baneling x3  
  28  4:20  Drone x3  
  27  4:35  Drone  
  27  4:40  Drone  
  27  4:45  Drone  
  29  4:47  Drone  
  29  4:52  Drone x2  
  32  5:03  Drone x2  
  32  5:04  Drone  
  35  5:07  Drone  
  35  5:13  Overlord  
  36  5:17  Overlord  
  36  5:20  Overlord  
  36  5:31  Drone, Extractor  
  36  5:32  Overlord  
  36  5:33  Drone x2  
  38  5:39  Lair  
  38  5:44  Drone x2  
  38  5:48  Drone  
  41  5:50  Drone  
  41  5:52  Drone  
  41  5:54  Drone  
  44  5:58  Drone x2  
  44  6:02  Drone  
  47  6:04  Drone  
  47  6:05  Drone  
  47  6:08  Metabolic Boost  
  49  6:17  Drone x4  
  53  6:19  Extractor x2  
  53  6:24  Drone  
  53  6:25  Zergling x4  
  54  6:36  Hatchery  
  53  6:42  Spire  
  53  6:44  Zergling x4  
  54  6:48  Zergling x2  
  54  6:49  Zergling x2  
  56  6:54  Drone  
  56  6:56  Drone x3  
  56  6:58  Zergling x2  
  56  7:00  Zergling x2  
  62  7:06  Overlord  
  62  7:07  Zergling x2  
  62  7:08  Zergling x2  
  64  7:14  Zergling x2  
  64  7:15  Zergling x2  
  66  7:17  Zergling x2  
  66  7:18  Overlord, Zergling x2  
  68  7:25  Overlord  
  68  7:27  Zergling x4  
  68  7:28  Zergling x2  
  68  7:29  Zergling x2  
Show
View Real Time Build Order
Export as new Build Order

hinO Zerg 

Build Orders: 1 Base Baneling Bust, Pool First, Zergling Baneling 

Get SALT Encoding   

  12  0:01  Drone  
  13  0:07  Extractor  
  12  0:24  Spawning Pool  
  11  0:29  Drone  
  11  0:35  Drone  
  13  0:41  Drone  
  14  0:53  Overlord  
  14  1:11  Zergling x4  
  14  1:12  Zergling x2  
  14  1:16  Metabolic Boost  
  17  1:23  Zergling x2  
  18  1:34  Queen  
  18  1:39  Zergling x2  
  21  1:45  Zergling x2  
  22  1:54  Baneling Nest  
  21  1:58  Zergling x2  
  22  2:09  Overlord  
  21  2:28  Zergling x4  
  22  2:40  Zergling x2  
  22  2:43  Baneling x6  
  23  2:47  Zergling x2  
  24  2:53  Zergling x2  
  24  2:58  Zergling x2  
  26  3:01  Zergling x2  
  24  3:13  Zergling x2  
  24  3:16  Baneling x2  
  24  3:17  Baneling x2  
  25  3:21  Zergling x2  
  25  3:27  Zergling x2  
  26  3:33  Zergling x2  
  26  3:42  Zergling x2  
  26  3:43  Zergling x2  
  25  3:50  Zergling x2  
  25  3:52  Baneling  
  25  3:53  Baneling  
  25  3:56  Baneling  
  25  4:00  Zergling x2  
  26  4:04  Zergling x2  
  27  4:10  Zergling x2  
  27  4:16  Drone  
  26  4:21  Drone  
  24  4:25  Drone  
  24  4:31  Drone  
  22  4:38  Drone  
  22  4:44  Extractor  
  22  4:50  Lair  
  22  4:56  Drone  
  20  5:00  Drone  
  20  5:01  Drone  
  20  5:06  Drone  
  23  5:09  Drone  
  24  5:17  Zergling x2  
  24  5:18  Zergling x2  
  26  5:26  Drone  
  27  5:46  Hatchery  
  26  5:56  Spire  
  25  5:58  Drone  
  25  6:02  Drone  
  27  6:08  Drone  
  27  6:09  Drone  
  29  6:16  Overlord  
  29  6:24  Overlord  
  29  6:28  Drone  
  29  6:40  Drone x3  
  29  6:45  Drone  
  33  7:07  Mutalisk x5  
  43  7:12  Mutalisk  
  45  7:19  Drone x2  
  47  7:26  Mutalisk  
  47  7:28  Queen  
  51  7:45  Zergling x2  
Tags
 
Add a new tag
Caveats
  • Supply blocks, unpowered buildings, or Contaminate may cause inaccurate times.
  • Supply counts are checked every 10 seconds.